 Dungeon Crawl Stone Soup version 0.29-a0-323-g050149af67 (webtiles) character file.

Game seed: 558125384460368685

100 Dabor the Insei (level 4, -3/29 HPs)
             Began as an Octopode Transmuter on Apr 11, 2022.
             Killed from afar by Sigmund (8 damage)
             ... with a puff of flame
             ... on level 4 of the Dungeon.
             The game lasted 00:04:17 (3109 turns).

Dabor the Insei (Octopode Transmuter)               Turns: 3109, Time: 00:04:18

Health: -3/29      AC:  1    Str:  9    XL:     4   Next: 73%
Magic:  6/8        EV: 13    Int: 17    God:
Gold:   138        SH:  5    Dex: 18    Spells: 5/8 levels left

rFire   . . .      SeeInvis .     - Unarmed
rCold   . . .      Faith    .   (no shield)
rNeg    . . .      Spirit   .   (helmet restricted)
rPois   .          Reflect  +   i - amulet of reflection
rElec   .          Harm     .   m - +6 ring of dexterity
rCorr   .          Rampage  .   (no ring)
Will    .....                   (no ring)
Stlth   +++.......              (no ring)
HPRegen 0.09/turn               (no ring)
MPRegen 0.11/turn               (no ring)
                                (no ring)
                                (no ring)

@: wereblooded
A: almost no armour, amphibious, 8 rings, camouflage 1, gelatinous body 1,
(nimble swimmer 1), tentacles
a: no special abilities


You were on level 4 of the Dungeon.
You visited 1 branch of the dungeon, and saw 4 of its levels.

You collected 138 gold pieces.

Inventory:

Missiles
 d - 7 poisoned darts
Jewellery
 i - an amulet of reflection (around mantle)
 m - a +6 ring of dexterity (left tentacle)
Scrolls
 c - 3 scrolls of fear
 g - a scroll of teleportation
 h - a scroll of enchant armour
 l - a scroll of silence
 n - a scroll of blinking
Potions
 a - a potion of lignification
 b - 5 potions of curing {unknown}
 e - a potion of haste {unknown}
 f - a potion of degeneration {unknown}
 j - a potion of cancellation {unknown}
 k - 2 potions of resistance {unknown}


   Skills:
 + Level 1.9 Fighting
 - Level 2.0 Dodging
 + Level 3.4 Unarmed Combat
 * Level 2.9 Spellcasting
 * Level 3.1 Transmutations
 + Level 1.1 Poison Magic


You had 5 spell levels left.
You knew the following spells:

 Your Spells              Type           Power      Damage    Failure   Level
a - Beastly Appendage     Tmut           26%        N/A       4%          1
b - Wereblood             Tmut           13%        N/A       8%          2

Your spell library contained the following spells:

 Spells                   Type           Power      Damage    Failure   Level
 Magic Dart               Conj           8%         1d3       19%         1
 Spider Form              Tmut/Pois      9%         N/A       22%         3
 Call Imp                 Summ           2%         N/A       26%         2
 Mephitic Cloud           Conj/Pois/Air  3%         N/A       41%         3
 Confusing Touch          Hex            2%         N/A       47%         3
 Summon Guardian Golem    Hex/Summ       2%         N/A       47%         3
 Ice Form                 Ice/Tmut       7%         N/A       67%         4
 Yara's Violent Unravell  Hex/Tmut       3%         3d4       95%         5
 Enfeeble                 Hex            1%         N/A       100%        7
 Orb of Destruction       Conj           1%         9d5       100%        7
 Spellforged Servitor     Conj/Summ      1%         N/A       100%        7


Dungeon Overview and Level Annotations

Branches:
Dungeon (4/15)
 Temple: D:4-7

Altars:
Fedhas
Uskayaw
Xom

Annotations:
D:4 Sigmund


Innate Abilities, Weirdness & Mutations

You cannot wear most types of armour.
You are amphibious.
You can wear up to eight rings at the same time.
Your skin changes colour to match your surroundings (Stealth+).
Your rubbery body absorbs attacks. (AC +1, EV +1)
((You are camouflaged when in or above water. (Stealth+)))
You have tentacles for arms and can constrict up to eight enemies at once.


Message History

You throw a poisoned dart. The poisoned dart hits Sigmund.
Sigmund is poisoned.
Sigmund shouts!
Your tentacle spike disappears.
Throw: 12 darts (poison)
Press: ? - help, Shift-Dir - straight line, f/p - Sigmund
Aim: Sigmund, wielding a +0 scythe, wearing a +0 robe and carrying a wand of flame (15) (lightly wounded, poisoned, 57% to hit)
You throw a poisoned dart.
The poisoned dart closely misses Sigmund.
Sigmund casts a spell at you. The puff of flame hits you.
Throw: 11 darts (poison)
Press: ? - help, Shift-Dir - straight line, f/p - Sigmund
Aim: Sigmund, wielding a +0 scythe, wearing a +0 robe and carrying a wand of flame (15) (lightly wounded, poisoned, 57% to hit)
You throw a poisoned dart. The poisoned dart hits Sigmund.
Sigmund looks even sicker.
Sigmund is lightly wounded.
Sigmund casts a spell at you. You resist with some effort.
Throw: 10 darts (poison)
Press: ? - help, Shift-Dir - straight line, f/p - Sigmund
Aim: Sigmund, wielding a +0 scythe, wearing a +0 robe and carrying a wand of flame (15) (moderately wounded, very poisoned, 57% to hit)
You throw a poisoned dart.
The poisoned dart closely misses Sigmund.
Sigmund casts a spell at you. You resist with some effort.
Throw: 9 darts (poison)
Press: ? - help, Shift-Dir - straight line, f/p - Sigmund
Aim: Sigmund, wielding a +0 scythe, wearing a +0 robe and carrying a wand of flame (15) (moderately wounded, very poisoned, 57% to hit)
You throw a poisoned dart.
The poisoned dart closely misses Sigmund.
Sigmund zaps a wand.
The puff of flame hits you!
* * * LOW HITPOINT WARNING * * *
Throw: 8 darts (poison)
Press: ? - help, Shift-Dir - straight line, f/p - Sigmund
Aim: Sigmund, wielding a +0 scythe, wearing a +0 robe and carrying a wand of flame (14) (moderately wounded, very poisoned, 57% to hit)
You throw a poisoned dart.
The poisoned dart closely misses Sigmund.
Sigmund casts a spell at you. The puff of flame hits you!
You die...

... .. ... # ##(. ...
... #.#@. .. #..
#.#.#.#.##.### #.#
#............# #.# #
...####.####.##### #.#
# ##.....##.....# #.###
#.......#$.##.# #....
..#...@...#..##.###.###
#....._.....###.......#
#.#...†.$.#....(.......
#.#.......#.#########.#
. ##.....##.. #.#
###.####.## .# .... ..#
# #.#.. ### #...


You could see Sigmund (very poisoned).

Vanquished Creatures
  A hound (D:3)
  2 adders
  2 worms
  6 endoplasms
  7 goblins
  5 hobgoblins
  A jackal (D:3)
  4 quokkas
  4 ball pythons
  4 bats
  4 frilled lizards
  2 kobolds (D:3)
  4 rats
46 creatures vanquished.

Vanquished Creatures (others)
  5 fungi
  6 plants (D:3)
11 creatures vanquished.

Grand Total: 57 creatures vanquished

Notes
Turn   | Place    | Note
-------+----------+-------------------------------------------
     0 | D:1      | Dabor the Octopode Transmuter began the quest for the Orb.
     0 | D:1      | Reached XP level 1. HP: 13/13 MP: 3/3
   190 | D:1      | Reached XP level 2. HP: 14/18 MP: 3/5
   825 | D:1      | Found a shimmering altar of Xom.
  1010 | D:2      | Learned a level 2 spell: Wereblood
  1212 | D:2      | Reached XP level 3. HP: 23/23 MP: 4/6
  1945 | D:3      | Identified the +2 ring mail "Zaromp" {Harm Dex+5}
  2101 | D:3      | Found a hide-covered altar of Uskayaw.
  2289 | D:3      | Reached XP level 4. HP: 16/29 MP: 5/8
  2433 | D:3      | Found a shimmering altar of Xom.
  2508 | D:3      | Found a faded altar of an unknown god.
  2757 | D:3      | Reached skill level 1 in Poison Magic
  3082 | D:4      | Found a blossoming altar of Fedhas.
  3097 | D:4      | Noticed Sigmund
  3109 | D:4      | Killed from afar by Sigmund

Illustrated notes

Levels and vault maps discovered:
D:1:      dpeg_arrival_water_altar, layout_rooms, dreamdust_mushroom_princess,
          minmay_misc_feat_alley
D:2:      layout_loops_ring
D:3:      layout_basic, lemuel_tele_altar, mainiacjoe_overflow_catwalk,
          dreamdust_ecumenical_altar_hidden_monk_grotto, solitary_fountain,
          dk_noncrumbling_3, nrook_loot_triangle, minmay_unequal
D:4:      kennysheep_big_flooded_room, layout_basic, old_standard_altar,
          cheibrodos_sewer_entry_bend, uniq_sigmund

Skill      XL: |  1  2  3  4 |
---------------+-------------+-----
Transmutations | 3 |  3.1
Poison Magic   | 1 |  1.1
Fighting       | |  1.9
Dodging        | |  2.0
Unarmed Combat | |  3.4
Spellcasting   | |  2.9

Action                   |  1- 3 |  4- 6 || total
-------------------------+-------+-------++-------
Melee: Unarmed           |    77 |    18 ||    95
       Kick              |    17 |     3 ||    20
       Constrict         |    14 |     7 ||    21
       Tentacles         |    10 |     7 ||    17
       Punch             |     2 |       ||     2
Throw: Stone             |    10 |       ||    10
       Dart              |       |     6 ||     6
 Cast: Beastly Appendage |    18 |     3 ||    21
       Wereblood         |       |     2 ||     2
  Use: Scroll            |     5 |     3 ||     8
 Stab: Sleeping          |     8 |     2 ||    10
Armor: Skin              |     8 |     2 ||    10
Dodge: Dodged            |    43 |     5 ||    48
Block: Other             |     2 |     5 ||     7

Table legend: (Time is in decaauts)
 A = Elapsed time spent in this place.
 B = Non-inter-level travel time spent in this place.
 C = Inter-level travel time spent in this place.
 D = Time resting spent in this place.
 E = Time spent auto-exploring this place.
 F = Levels seen in this place.
 G = Mean time per level.
                   A        B        C        D        E       F      G
               +--------+--------+--------+--------+--------+-----+--------+
         Total |   3102 |   3047 |     55 |    323 |   2192 |   4 |  775.5 |
       Dungeon |   3102 |   3047 |     55 |    323 |   2192 |   4 |  775.5 |
               +--------+--------+--------+--------+--------+-----+--------+

Top non-repeatable levels by time:
     D:3: 1123 daAuts
     D:2: 1094 daAuts
     D:1: 841 daAuts
     D:4: 43 daAuts
